 Dungeon Crawl Stone Soup version 0.23.2-11-gf996548c65 (webtiles) character file.

Game seed: 908548823959924066

34111 Revguard the Severer (level 13, -1/115 HPs)
             Began as a Minotaur Fighter on June 4, 2019.
             Was a High Priest of Trog.
             Slain by a freezing wraith (20 damage)
             ... on level 2 of the Abyss.
             The game lasted 00:45:47 (10690 turns).

Revguard the Severer (Minotaur Fighter)            Turns: 10690, Time: 00:45:49

Health: -1/115     AC: 19    Str: 21    XL:     13   Next: 40%
Magic:  6/6        EV: 12    Int:  5    God:    Trog [*****.]
Gold:   518        SH: 14    Dex: 15    Spells: 12/12 levels left

rFire    . . .     SeeInvis .   M - +9 broad axe (antimagic)
rCold    . . .     Gourm    .   c - +1 shield
rNeg     + . .     Faith    .   j - +0 plate armour
rPois    .         Spirit   .   (helmet restricted)
rElec    .         Reflect  .   J - scarf {cloud immunity}
rCorr    .         Harm     .   H - +2 pair of gloves
MR       .....                  o - +0 pair of boots
Stlth    ..........             (no amulet)
HPRegen  0.29/turn              z - +2 ring of evasion
MPRegen  0.10/turn              D - ring of positive energy

@: berserk cooldown, studying Bows
A: retaliatory headbutt, hooves 1, horns 2, blurry vision 1, evolution 1
a: Berserk, Trog's Hand, Brothers in Arms, Renounce Religion


You were on level 2 of the Abyss.
You worshipped Trog.
Trog was extremely pleased with you.
You were not hungry.

You visited 1 branch of the dungeon, and saw 14 of its levels.
You visited the Abyss 1 time.
You also visited: Ossuary and Bailey.

You collected 823 gold pieces.
You spent 305 gold pieces at shops.

Inventory:

Hand Weapons
 u - a +2 hand axe of flaming
 M - a +9 antimagic broad axe (weapon)
 Q - the +7 mace "Fysman" {speed, rF+ rN+}
   (You found it on level 11 of the Dungeon)

   Attacks with this weapon are significantly faster.
   It protects you from fire.
   It protects you from negative energy.
Armour
 c - a +1 shield (worn)
 j - a +0 plate armour (worn)
 o - a +0 pair of boots (worn)
 H - a +2 pair of gloves (worn)
 J - a scarf of cloud immunity (worn)
Jewellery
 z - a +2 ring of evasion (left hand)
 D - a ring of positive energy (right hand)
 O - an uncursed ring of positive energy
 R - an uncursed ring of poison resistance
Wands
 b - a wand of enslavement (6)
 w - a wand of clouds (10)
 x - a wand of acid (8)
 B - a wand of polymorph (6)
 L - a wand of random effects (26)
 P - a wand of paralysis (5)
 S - a wand of iceblast (10)
 Z - a wand of flame (20)
Scrolls
 a - 5 scrolls of magic mapping
 e - 11 scrolls of remove curse
 h - 3 scrolls of enchant armour
 i - 15 scrolls of teleportation
 l - 3 scrolls of acquirement
 m - a scroll of summoning
 p - 4 scrolls of fear
 q - a scroll of immolation
 C - 2 scrolls of fog
 E - a scroll of brand weapon
 F - a scroll of blinking
 G - a scroll of identify
 N - a scroll of enchant weapon
 X - a scroll of silence
Potions
 d - a potion of might
 g - 3 potions of magic
 k - 10 potions of curing
 n - 3 potions of ambrosia
 r - 4 potions of agility
 s - 4 potions of haste
 t - a potion of flight
 v - 4 potions of resistance
 A - a potion of cancellation
 I - a potion of berserk rage
 U - a potion of brilliance
 W - a potion of invisibility
Books
 V - a manual of Bows
Miscellaneous
 K - a lamp of fire (inert)
Comestibles
 f - 30 rations


   Skills:
 + Level 10.8 Fighting
 + Level 15.8 Axes
 + Level 10.2 Armour
 * Level 8.2 Dodging
 + Level 11.2 Shields
 * Level 8.3 Evocations


You had 12 spell levels left.
You didn't know any spells.
Your spell library was empty.

Dungeon Overview and Level Annotations

Branches:
Dungeon (14/15)            Temple (0/1) D:6             Orc (0/2) D:11
 Vaults (0/5) D:13
   Lair: D:8-11

Altars:
Okawaru
Trog
Uskayaw

Shops:
D:4 ?[:%   D:8 *

Annotations:
D:14 voshxx's ghost, journeyman HOMo


Innate Abilities, Weirdness & Mutations

You reflexively headbutt those who attack you in melee.
You have a pair of horns on your head.
You have large cloven feet.
Scrolls take you a little longer to read.
You evolve.


Message History

The freezing wraith is lightly damaged.
You feel yourself speed up. You block the freezing wraith's attack.
The freezing wraith hits you but does no damage.
You closely miss the freezing wraith.
You headbutt the freezing wraith, but do no damage.
The freezing wraith is lightly damaged.
You block the freezing wraith's attack. The freezing wraith hits you!
* * * LOW HITPOINT WARNING * * *
You slash the freezing wraith!
The freezing wraith is heavily damaged.
You block the freezing wraith's attack.
The freezing wraith hits you but does no damage.
You closely miss the freezing wraith.
Your headbutt misses the freezing wraith.
The freezing wraith is heavily damaged.
The freezing wraith hits you.
* * * LOW HITPOINT WARNING * * *
The freezing wraith freezes you!!
You die...

). ... ...#...
.###....####...
#..............
.#......8#.#...
.......... ...
...............
##......##.....
##....).##.....
.......@W......
...............
..:.(........>.
...............
...............
...............
##......##.....
........ .....


You could see a freezing wraith.

Vanquished Creatures
  A fire giant (D:14)
  An orc warlord (Bailey)
  A frost giant (D:11)
  A stone giant (D:11)
  A merfolk impaler (D:14)
  A hydra (D:8)
  A naga warrior (D:14)
  A death knight (D:12)
  A centaur warrior (D:13)
  2 dancing weapons (D:13)
  2 two-headed ogres (D:12)
  A deep troll earth mage (D:12)
  A tengu warrior (D:14)
  A deep elf knight (D:14)
  A deep elf archer (D:14)
  A flayed ghost (D:11)
  An orc knight (Bailey)
  5 ugly things
  2 cyclopes
  3 centaur skeletons
  2 gargoyles
  2 kobold demonologists
  A freezing wraith (D:11)
  4 trolls
  A hornet (D:7)
  2 dream sheep (D:8)
  3 hippogriffs
  A centaur simulacrum (D:14)
  10 yaks
  2 vampires
  3 wraiths
  A wyvern (D:12)
  A hog (shapeshifter) (D:11)
  Grum (D:9)
  A steam dragon (D:9)
  3 hungry ghosts
  An acid dragon (D:13)
  3 water moccasins
  A black bear (D:10)
  A hornet zombie (D:14)
  18 orc warriors
  6 sky beasts
  2 phantoms
  6 ice beasts
  2 necrophages
  5 ogres
  4 wolves (D:9)
  2 centaurs
  2 crocodiles
  4 big kobolds
  6 bullfrogs
  A gnoll sergeant (D:6)
  9 scorpions
  6 killer bees (D:7)
  11 wights
  7 howler monkeys
  2 bullfrog zombies
  5 crimson imps
  A quasit (D:6)
  A centaur zombie (D:12)
  12 orc wizards
  8 orc priests
  8 hounds
  6 iguanas
  11 worker ants
  A killer bee zombie (D:9)
  A hound zombie (D:7)
  2 mummies
  A howler monkey zombie (D:8)
  2 worker ant zombies
  Robin (D:3)
  6 gnolls
  12 adders
  6 shadow imps
  An adder skeleton (D:7)
  2 worms (D:3)
  4 dart slugs
  5 leopard geckos
  66 orcs
  2 giant cockroaches
  20 goblins
  13 hobgoblins
  19 jackals
  8 quokkas
  A ball python (D:6)
  12 bats
  4 frilled lizards
  8 gnoll skeletons (Ossuary)
  2 jackal zombies
  24 kobolds
  6 kobold skeletons (Ossuary)
  11 orc skeletons (Ossuary)
  2 quokka skeletons
  10 rats
  A plant (D:8)
471 creatures vanquished.

Vanquished Creatures (collateral kills)
  An ogre mage (D:12)
  The ghost of Nattfarinn the Nimble, a journeyman KoHu of Okawaru (D:12)
  A deep elf mage (D:14)
  An ugly thing (D:14)
  A cyclops (D:12)
  A troll (D:14)
  2 vampire mosquitoes (D:14)
  A sky beast (D:11)
  A bullfrog zombie (D:11)
  An adder (D:12)
  An orc (D:12)
12 creatures vanquished.

Vanquished Creatures (others)
  An orc wizard (D:8)
1 creature vanquished.

Grand Total: 484 creatures vanquished

Notes
Turn   | Place    | Note
-------+----------+-------------------------------------------
     0 | D:1      | Revguard the Minotaur Fighter began the quest for the Orb.
     0 | D:1      | Reached XP level 1. HP: 19/19 MP: 0/0
   125 | D:1      | Reached XP level 2. HP: 27/27 MP: 1/1
   343 | D:1      | Reached skill level 3 in Axes
   353 | D:1      | Reached XP level 3. HP: 29/33 MP: 2/2
   970 | D:2      | Reached XP level 4. HP: 40/40 MP: 3/3
  1090 | D:2      | Found a bloodstained altar of Trog.
  1098 | D:2      | Reached skill level 1 in Dodging
  1137 | D:2      | Became a worshipper of Trog the Wrathful
  1789 | D:3      | Reached skill level 4 in Axes
  1789 | D:3      | Reached XP level 5. HP: 45/47 MP: 4/4
  1790 | D:3      | Reached * piety under Trog
  1888 | D:3      | Noticed Robin
  1899 | D:3      | Killed Robin
  2296 | D:4      | Reached XP level 6. HP: 43/53 MP: 5/5
  2300 | D:4      | Reached skill level 5 in Axes
  2300 | D:4      | Reached skill level 5 in Shields
  2374 | D:4      | Found a sand-covered staircase.
  2381 | Ossuary  | Entered an ossuary
  2381 | Ossuary  | Noticed a wraith
  2381 | Ossuary  | Noticed a wraith
  2381 | Ossuary  | Noticed a wraith
  2443 | Ossuary  | Noticed a wraith
  2451 | Ossuary  | Killed a wraith
  2451 | Ossuary  | Reached ** piety under Trog
  2451 | Ossuary  | Reached skill level 5 in Fighting
  2451 | Ossuary  | Reached skill level 5 in Armour
  2584 | D:4      | Reached skill level 6 in Axes
  2585 | D:4      | Reached XP level 7. HP: 61/61 MP: 6/6
  2684 | D:4      | Found Kaseriu's Food Emporium.
  2714 | D:4      | Found Mifuet's Book Shoppe.
  2805 | D:4      | Found Leadghim's Armour Shop.
  2843 | D:4      | Found Wupaz's Magic Scroll Emporium.
  2858 | D:4      | Reached skill level 7 in Axes
  3126 | D:5      | Entered Level 5 of the Dungeon
  3235 | D:5      | Reached XP level 8. HP: 70/70 MP: 7/7
  3433 | D:5      | Gained mutation: Scrolls take you a little longer to read.
                  | [potion of mutation]
  3433 | D:5      | Gained mutation: Potions are less effective at restoring
                  | your health. [potion of mutation]
  3433 | D:5      | Gained mutation: You evolve. [potion of mutation]
  3433 | D:5      | Gained mutation: You have large cloven feet. [potion of
                  | mutation]
  3439 | D:5      | Reached *** piety under Trog
  3483 | D:5      | Reached skill level 8 in Axes
  3507 | D:5      | Reached skill level 1 in Evocations
  3892 | D:6      | Found a staircase to the Ecumenical Temple.
  4570 | D:7      | Noticed a hippogriff
  4574 | D:7      | Killed a hippogriff
  4615 | D:7      | Reached skill level 9 in Axes
  4625 | D:7      | Reached XP level 9. HP: 76/77 MP: 9/9
  5114 | D:7      | Reached **** piety under Trog
  5392 | D:8      | Reached skill level 10 in Axes
  5520 | D:8      | Found a hide-covered altar of Uskayaw.
  5726 | D:8      | Lost mutation: Potions are less effective at restoring your
                  | health. [evolution]
  5852 | D:8      | Reached XP level 10. HP: 86/86 MP: 12/12
  5854 | D:8      | Reached skill level 11 in Axes
  5858 | D:8      | Noticed a two-headed hydra
  5875 | D:8      | Killed a one-headed hydra
  6096 | D:8      | Found Aceoruest's Serpentskin Sales.
  6100 | D:8      | Reached skill level 5 in Evocations
  6254 | D:4      | Bought a scroll of magic mapping for 45 gold pieces
  6254 | D:4      | Bought a scroll of brand weapon for 260 gold pieces
  6380 | D:9      | Noticed Grum
  6394 | D:9      | Killed Grum
  6394 | D:9      | Reached skill level 12 in Axes
  6453 | D:9      | Reached ***** piety under Trog
  6993 | D:10     | Entered Level 10 of the Dungeon
  7051 | D:10     | Noticed a cyclops
  7064 | D:10     | Killed a cyclops
  7064 | D:10     | Received a gift from Trog
  7064 | D:10     | Reached XP level 11. HP: 46/95 MP: 14/14
  7446 | D:10     | You fall through a shaft!
  7452 | D:11     | Noticed a cyan ugly thing
  7463 | D:11     | Killed a cyan ugly thing
  7521 | D:11     | Found a staircase to the Orcish Mines.
  7586 | D:11     | Reached skill level 13 in Axes
  7797 | D:11     | Got a crystal mace
  7827 | D:11     | Identified the +7 mace "Fysman" {speed, rF+ rN+} (You found
                  | it on level 11 of the Dungeon)
  7917 | D:11     | Noticed a flayed ghost
  7917 | D:11     | Noticed a stone giant
  7924 | D:11     | Noticed a frost giant
  7933 | D:11     | Killed a frost giant
  7933 | D:11     | Reached skill level 5 in Dodging
  7935 | D:11     | Killed a stone giant
  7943 | D:11     | Killed a flayed ghost
  8061 | D:12     | Reached XP level 12. HP: 70/105 MP: 5/16
  8076 | D:12     | Reached skill level 14 in Axes
  8650 | D:12     | Noticed a death knight
  8653 | D:12     | Noticed Nattfarinn's ghost (journeyman KoHu)
  8655 | D:12     | Reached skill level 10 in Shields
  8656 | D:12     | Noticed an ogre mage
  8656 | D:12     | Noticed a deep troll earth mage
  8890 | D:12     | Noticed a two-headed ogre
  8890 | D:12     | Noticed a two-headed ogre
  8892 | D:12     | Found a runed translucent gate.
  8892 | D:12     | Found a runed translucent gate.
  8892 | D:12     | Found a runed translucent gate.
  8897 | D:12     | Killed a two-headed ogre
  8901 | D:12     | Killed a two-headed ogre
  8920 | D:12     | Killed a deep troll earth mage
  8922 | D:12     | Killed an ogre mage
  8928 | D:12     | Killed a death knight
  8929 | D:12     | Killed Nattfarinn's ghost
  8931 | D:12     | Reached skill level 10 in Fighting
  9145 | D:13     | Noticed a centaur warrior
  9157 | D:13     | Killed a centaur warrior
  9425 | D:13     | Reached skill level 15 in Axes
  9448 | D:13     | Found a gate to the Vaults.
  9870 | D:14     | Reached skill level 10 in Armour
  9870 | D:14     | Reached XP level 13. HP: 107/114 MP: 5/17
  9875 | D:14     | Found a flagged portal.
  9888 | Bailey   | Entered a bailey
  9893 | Bailey   | Noticed an orc warlord
  9978 | Bailey   | Found a runed translucent gate.
  9984 | Bailey   | Found a runed translucent gate.
  9990 | Bailey   | Found a runed translucent gate.
 10142 | Bailey   | Killed an orc warlord
 10175 | Bailey   | Got an ichor-stained mace
 10191 | Bailey   | Identified the +5 mace "Ijiodghann" {drain, +Rage rElec rF+
                  | MR+} (You found it in a bailey)
 10193 | Bailey   | Identified 2 scrolls of acquirement
 10632 | D:14     | Found a runed translucent gate.
 10632 | D:14     | Found a runed translucent gate.
 10632 | D:14     | Found a runed translucent gate.
 10632 | D:14     | Noticed a merfolk impaler
 10632 | D:14     | Noticed a merfolk impaler
 10633 | D:14     | Noticed a fire giant
 10633 | D:14     | Noticed voshxx's ghost (journeyman HOMo)
 10635 | D:14     | Found an iron altar of Okawaru.
 10658 | D:14     | Killed a fire giant
 10671 | D:14     | Killed a merfolk impaler
 10674 | D:14     | Cast into level 2 of the Abyss (merfolk impaler)
 10674 | Abyss:2  | Found a corrupted altar of Lugonu.
 10690 | Abyss:2  | Slain by a freezing wraith

Skill      XL: |  1  2  3  4  5  6  7  8  9 10 11 12 13 |
---------------+----------------------------------------+-----
Armour         | 4 5 6 7 8 9 10 | 10.2
Shields        | 4 5 6 7 8 9 10 11 | 11.2
Fighting       | 4 5 6 7 8 9 10 | 10.8
Axes           | 3 4 6 7 9 10 12 13 15 | 15.8
Dodging        | 1 2 3 5 7 8 |  8.2
Evocations     | 2 4 5 6 7 8 |  8.3

Action                   |  1- 3 |  4- 6 |  7- 9 | 10-12 | 13-15 || total
-------------------------+-------+-------+-------+-------+-------++-------
Melee: War axe           |    95 |   169 |   240 |   115 |       ||   619
       Headbutt          |     9 |    30 |    50 |    93 |    12 ||   194
       Hand axe          |       |       |       |     7 |       ||     7
       Broad axe         |       |       |       |   322 |    67 ||   389
Invok: Berserk           |       |     4 |     7 |     9 |     2 ||    22
       Trog's Hand       |       |       |     5 |     8 |     1 ||    14
       Brothers in Arms  |       |       |       |     6 |       ||     6
Evoke: Wand              |       |       |       |     1 |     8 ||     9
       Lamp of fire      |       |       |       |       |     1 ||     1
  Use: Potion            |     1 |     3 |     2 |     1 |     1 ||     8
       Scroll            |       |    12 |     7 |     6 |     4 ||    29
 Stab: Distracted        |       |       |       |     1 |       ||     1
  Eat: Chunk             |       |     8 |    12 |    27 |     2 ||    49
       Ration            |       |       |     2 |     2 |     1 ||     5
Armor: Scale mail        |    68 |    85 |    76 |       |       ||   229
       Plate armour      |       |       |    65 |   177 |    31 ||   273
Dodge: Dodged            |    32 |    64 |    82 |   144 |    38 ||   360
Block: Shield            |    69 |    96 |   177 |   314 |    61 ||   717
